 Dungeon Crawl Stone Soup version 0.31.0-11-ge490571c62 (webtiles) character file.

Game seed: 12033777513107242284

1468 stipulation the Reanimator (level 8, -2/28 (36) HPs)
             Began as a Vine Stalker Necromancer on Jan 29, 2024.
             Slain by a wight
             ... wielding a +3 flail
              (4 damage)
             ... on level 6 of the Dungeon.
             The game lasted 00:10:39 (6547 turns).

stipulation the Reanimator (VSNe)                   Turns: 6547, Time: 00:10:39

HP:   -2/28 (36)    AC:  4    Str: 11    XL:     8   Next: 77%
MP:   0/20          EV: 12    Int: 17    God:
Gold: 248           SH:  0    Dex: 15    Spells: 9/22 levels left

rFire   . . .        y - +2 dagger (drain)
rCold   . . .        (no shield)
rNeg    . . .        a - +0 robe
rPois   .            t - +0 helmet
rElec   .            (no cloak)
rCorr   .            (no gloves)
SInv    .            l - +0 pair of boots
Will    +....        (no amulet)
Stlth   ++           (no ring)
HPRegen 1.04/turn    (no ring)
MPRegen 0.17/turn

%: guardian spirit
@: heavily drained
A: fangs 3, regeneration 1, magic shield, antimagic bite, no potion heal 2
a: no special abilities


You were on level 6 of the Dungeon.
You visited 1 branch of the dungeon, and saw 7 of its levels.

You collected 248 gold pieces.

Inventory:

Hand Weapons
 i - a +0 short sword
 y - a +2 dagger of draining (weapon)
Missiles
 p - a throwing net
Armour
 a - a +0 robe (worn)
 l - a +0 pair of boots (worn)
 t - a +0 helmet (worn)
Jewellery
 v - an amulet of the acrobat
Scrolls
 c - 2 scrolls of enchant armour {unknown}
 f - a scroll of poison {unknown}
 g - 4 scrolls of blinking {unknown}
 j - 4 scrolls of teleportation {unknown}
 n - 2 scrolls of revelation {unknown}
 o - a scroll of noise {unknown}
 q - 5 scrolls of identify {unknown}
 r - a scroll of fear {unknown}
 s - 2 scrolls of vulnerability {unknown}
 u - a scroll of brand weapon {unknown}
 x - a scroll of amnesia {unknown}
Potions
 d - 2 potions of mutation {unknown}
 e - 2 potions of curing {unknown}
 h - a potion of lignification {unknown}
 k - a potion of enlightenment {unknown}
 m - 2 potions of degeneration {unknown}
 w - 2 potions of heal wounds {unknown}
 z - a potion of attraction {unknown}


   Skills:
 - Level 1.5 Dodging
 - Level 2.4 Stealth
 + Level 7.8 Spellcasting
 + Level 8.5 Necromancy


You had 9 spell levels left.
You knew the following spells:

 Your Spells              Type           Power      Damage    Failure   Level
a - Necrotise             Necr           100%       1d9       1%          1
b - Vampiric Draining     Necr           35%        2d8       1%          3
c - Animate Dead          Necr           35%        N/A       3%          4
d - Curse of Agony        Necr           35%        N/A       9%          5

Your spell library contained the following spells:

 Spells                   Type           Power      Damage    Failure   Level
 Ensorcelled Hibernation  Hex/Ice        12%        N/A       16%         2
 Call Canine Familiar     Summ           6%         N/A       32%         3
 Passwall                 Erth           6%         N/A       32%         3
 Sigil of Binding         Hex            6%         N/A       32%         3
 Swiftness                Air            6%         N/A       32%         3
 Dimensional Bullseye     Hex/Tloc       3%         N/A       71%         4


Dungeon Overview and Level Annotations

Branches:
Dungeon (7/15)
 Temple: D:4-7

Altars:
Elyvilon
Fedhas
Hepliaklqana
Ru
Yredelemnul

Annotations:
D:7 Jeremiah


Innate Abilities, Weirdness & Mutations

You have razor-sharp teeth.
Your natural rate of healing is unusually fast.
When hurt, damage is shared between your health and your magic reserves.
Your bite disrupts and absorbs the magic of your enemies.
Potions cannot restore your health.


Message History

Your orc wizard zombie hits the sleepcap but does no damage.
You hit the wight.
The wight is moderately damaged.
The wight hits your hound zombie with a +5 flail!
Your hound zombie is destroyed!
The sleepcap releases spores at your orc zombie.
Your orc zombie is destroyed!
The wight hits you with a +3 flail!
You feel drained.
Your orc wizard zombie hits the sleepcap but does no damage.
Things that are here:
a +0 dagger; a +0 robe; a scorpion corpse Your orc wizard zombie hits the sleepcap but does no damage.
You see here a +2 pair of boots.
Your orc wizard zombie hits the wight but does no damage.
The wight attacks as it pursues you! The wight hits you with a +3 flail!
You feel drained.
Something barely misses your orc wizard zombie.
Something closely misses your orc wizard zombie.
You see here a +3 long sword.
The wight attacks as it pursues you! The wight hits you with a +3 flail!
You feel drained. The wight attacks as it pursues you!
The wight hits you with a +3 flail.
You feel drained.
* * * LOW HITPOINT WARNING * * *
You aren't carrying any items that you can evoke.
The wight attacks as it pursues you! The wight closely misses you.
Okay, then.
Magic courses through your body. The wight barely misses you.
The wight attacks as it pursues you! The wight hits you with a +3 flail!
Press: ? - help, v - describe, . - travel
Here: a wight, wielding a +3 flail and wearing a +0 robe (lightly damaged)
The floor.
Unknown command.
The wight attacks as it pursues you! The wight closely misses you.
The wight attacks as it pursues you! The wight hits you with a +3 flail!
The wight hits you with a +3 flail. The wight attacks as it pursues you!
The wight hits you with a +3 flail!
* * * LOW HITPOINT WARNING * * *
You feel drained.
You die...

#.....#...... #.......##.#.
#########.........
################.......#.#####.#.
Z...........z..zf.># ##......#.#.
##############.#.#.# #.......#.#.
#####......##.#.#.###.#.#####.#.
#..........##.#z#.....#.# #.#.
#.###......##.#@#.#####.# #.#.
#.# #####'###.#.........# #)#.
##.#######.# #.###.####### #.#.
...........###.#.....# #.#.
.#.#######..##.#.#.#.# #.#. .#.#
###...#(#.#.#.# #<#. .#.#
#.....#.#...#.# ###. .#.#
#.......#...#.###########' .#.#
#.##.#......#.#.......[...


You could see a sleepcap and 2 wights.

Vanquished Creatures
  A human (D:7)
  Edmund (D:5)
  Menkaure (D:4)
  An ogre (D:6)
  2 centaurs
  3 scorpions
  A howler monkey (D:2)
  2 orc priests
  3 hounds
  A bombardier beetle (D:4)
  2 iguanas (D:5)
  5 orc wizards
  A hound zombie (D:3)
  5 gnolls
  3 adders
  A shadow imp (D:7)
  A white imp (D:6)
  2 ufetubi (D:7)
  2 adder zombies (D:3)
  An adder skeleton (D:3)
  A ribbon worm (D:3)
  2 dart slugs (D:1)
  17 orcs
  5 endoplasms
  2 giant cockroaches (D:3)
  14 goblins
  13 hobgoblins
  A jackal (D:3)
  7 quokkas
  5 ball pythons
  2 ball python zombies (D:3)
  6 bats
  2 frilled lizards (D:2)
  9 kobolds
  3 rats
128 creatures vanquished.

Vanquished Creatures (collateral kills)
  2 adders
  2 ball pythons (D:2)
  3 goblins
  A jackal (D:3)
  A rat (D:1)
9 creatures vanquished.

Vanquished Creatures (others)
  A hound zombie (D:6)
  4 orc zombies (D:6)
5 creatures vanquished.

Grand Total: 142 creatures vanquished

Notes
Turn   | Place    | Note
-------+----------+-------------------------------------------
     0 | D:1      | stipulation the Vine Stalker Necromancer began the quest
                  | for the Orb.
     0 | D:1      | Reached XP level 1. HP: 9/9 MP: 4/4
   218 | D:1      | Reached XP level 2. HP: 13/13 MP: 0/6
   604 | D:1      | Reached XP level 3. HP: 16/16 MP: 1/8
  1636 | D:2      | Reached XP level 4. HP: 21/21 MP: 1/10
  1777 | D:2      | Reached skill level 5 in Necromancy
  1777 | D:2      | Reached XP level 5. HP: 23/24 MP: 4/11
  2330 | D:3      | Found a basalt altar of Yredelemnul.
  2834 | D:3      | Found a sacrificial altar of Ru.
  3011 | D:3      | Reached XP level 6. HP: 28/28 MP: 9/13
  3324 | D:4      | Noticed Menkaure
  3364 | D:5      | Entered Level 5 of the Dungeon
  3383 | D:5      | Learned a level 3 spell: Vampiric Draining
  3388 | D:5      | Learned a level 4 spell: Animate Dead
  3394 | D:5      | Learned a level 5 spell: Curse of Agony
  3418 | D:5      | Reached skill level 5 in Spellcasting
  3418 | D:5      | Reached skill level 6 in Necromancy
  3506 | D:5      | You fall into a shaft and drop 2 floors!
  3526 | D:7      | Noticed a troll
  3627 | D:7      | Noticed Jeremiah
  3663 | D:7      | Noticed a hog
  3663 | D:7      | Noticed a human
  3663 | D:7      | Noticed a hog
  3663 | D:7      | Noticed a hog
  3691 | D:7      | Killed a human
  3692 | D:7      | Reached XP level 7. HP: 29/32 MP: 1/16
  4166 | D:6      | Reached skill level 7 in Necromancy
  4265 | D:5      | Found a blossoming altar of Fedhas.
  4431 | D:5      | Noticed Edmund
  4444 | D:5      | Killed Edmund
  4445 | D:5      | Gained mutation: You have razor-sharp teeth. [Vine Stalker
                  | growth]
  4445 | D:5      | Reached XP level 8. HP: 25/36 MP: 0/18
  4915 | D:4      | Killed Menkaure
  4993 | D:4      | Found a white marble altar of Elyvilon.
  5299 | D:4      | Reached skill level 8 in Necromancy
  6401 | D:6      | Found a hazy altar of Hepliaklqana.
  6547 | D:6      | Slain by a wight

Illustrated notes

Levels and vault maps discovered:
D:1:      dpeg_arrival_radiant, layout_basic, serial_aquarium,
          aquarium_bridge_long_separate [aquarium_subvault_window,
          aquarium_subvault_bridge, aquarium_subvault_window,
          aquarium_subvault_window, aquarium_subvault_wall,
          aquarium_subvault_bridge], aquarium_window_1, aquarium_window_fake,
          aquarium_window_fake, aquarium_window_corner, aquarium_view_2c,
          aquarium_view_2b, aquarium_balcony_5a, aquarium_pool_1, minivault_5,
          solitary_fountain, hangedman_decor_lopped, minmay_crystal_room
D:2:      layout_rooms, minmay_octomino_e4
D:3:      layout_basic, mainiacjoe_overflow_boulevard,
          yredelemnul_altar_generic, serial_undead, serial_undead_a,
          serial_undead_f, serial_undead_b, serial_undead_a, serial_undead_a,
          serial_undead_c
D:4:      layout_gridville, nicolae_elyvilon_temple_path, uniq_menkaure
D:5:      corexii_shantytown, layout_rooms, mainiacjoe_overflow_brackets,
          uniq_edmund
D:6:      layout_basic, nicolae_hepliaklqana_hippocampus,
          minmay_temple_entry_proselytizer, serial_shops,
          nicolae_shop_tiny_real_fake_doors, minmay_misc_feat_columns
D:7:      layout_loops_corners, serial_rivers, chequers_serial_rivers_micro_d,
          chequers_serial_rivers_room_b, chequers_serial_rivers_room_b,
          chequers_serial_rivers_room_b, chequers_serial_rivers_micro_e,
          amcnicky_mini_rare_corridor_liquid, grunt_livestock,
          nicolae_fountain_basement, uniq_pikel, uniq_jeremiah

Skill      XL: |  1  2  3  4  5  6  7  8 |
---------------+-------------------------+-----
Spellcasting   | 3 4 5 6 7 |  7.8
Necromancy     | 5 6 7 8 |  8.5
Dodging        | |  1.5
Stealth        | |  2.4

Action                     |  1- 3 |  4- 6 |  7- 9 || total
---------------------------+-------+-------+-------++-------
  Melee: Unarmed           |     7 |       |       ||     7
         Short sword       |     6 |    73 |    88 ||   167
         Bite              |     3 |    26 |    49 ||    78
         Punch             |       |     2 |     5 ||     7
         Dagger            |       |       |    29 ||    29
   Cast: Necrotise         |    63 |    69 |    67 ||   199
         Vampiric Draining |       |     3 |    18 ||    21
         Animate Dead      |       |       |     2 ||     2
    Use: Potion            |       |       |     1 ||     1
   Stab: Sleeping          |       |     1 |       ||     1
         Distracted        |       |       |     2 ||     2
 Armour: Robe              |    17 |    67 |   117 ||   201
  Dodge: Dodged            |    19 |    68 |   107 ||   194
